 Dungeon Crawl Stone Soup version 0.31.0-32-g396128a36d (webtiles) character file.

Game seed: 297840503903795005

13477 RotoMola the Fighter (level 11, -4/108 HPs)
             Began as a Minotaur Fighter on Mar 29, 2024.
             Was an Elder of the Shining One.
             Slain by Sonja
             ... wielding a +0 dagger of distortion
              (19 damage)
             ... on level 11 of the Dungeon.
             The game lasted 02:45:25 (11852 turns).

RotoMola the Fighter (Minotaur Fighter)            Turns: 11852, Time: 02:45:25

Health: -4/108     AC: 23    Str: 22    XL:     11   Next: 76%
Magic:  10/10      EV:  6    Int:  5    God:    the Shining One [****..]
Gold:   565        SH: 12    Dex: 19    Spells: 10/10 levels left

rFire   . . .        e - +2 short sword (speed)
rCold   . . .        V - +0 kite shield
rNeg    + + .        a - +0 plate armour
rPois   +            (helmet restricted)
rElec   .            G - +2 cloak {rPois}
rCorr   .            (no gloves)
SInv    .            x - +0 pair of boots
Will    .....        O - amulet of faith Stlth
                     o - +6 ring of dexterity
HPRegen 0.38/turn    s - +4 ring of protection
MPRegen 0.12/turn

%: faith
@: hasted, glowing, very quick
A: horns 2, retaliatory headbutt
a: Renounce Religion, Divine Shield, Cleansing Flame


You were on level 11 of the Dungeon.
You worshipped the Shining One.
The Shining One was greatly pleased with you.
You visited 3 branches of the dungeon, and saw 13 of its levels.

You collected 565 gold pieces.

Inventory:

Hand Weapons
 e - a +2 short sword of speed (weapon)
 T - a +2 heavy flail
Missiles
 L - a throwing net (quivered)
Armour
 a - a +0 plate armour (worn)
 b - a +0 scale mail of willpower
 x - a +0 pair of boots (worn)
 A - a +0 troll leather armour
 G - a +2 cloak of poison resistance (worn)
 Q - a scarf of harm
 U - +0 acid dragon scales
 V - a +0 kite shield (worn)
Magical Staves
 B - a staff of cold
Jewellery
 o - a +6 ring of dexterity (left hand)
 s - a +4 ring of protection (right hand)
 y - a ring of protection from cold
 F - a ring of fire
 I - a ring of positive energy
 O - an amulet of faith (around neck)
 P - a ring of see invisible
Talismans
 J - a talisman of death
 S - a beast talisman
Wands
 C - a wand of flame (28)
 K - a wand of quicksilver (8)
 M - a wand of roots (5)
Scrolls
 h - a scroll of brand weapon {unknown}
 j - 3 scrolls of teleportation
 k - a scroll of amnesia {unknown}
 l - 2 scrolls of blinking {unknown}
 n - a scroll of fear {unknown}
 p - a scroll of fog {unknown}
 q - 2 scrolls of summoning
 r - 5 scrolls of noise
 t - 3 scrolls of immolation
 u - a scroll of enchant weapon {unknown}
 v - a scroll of vulnerability {unknown}
 z - 2 scrolls of enchant armour {unknown}
Potions
 d - a potion of might
 f - 3 potions of cancellation
 g - a potion of mutation {unknown}
 i - 2 potions of haste
 m - 2 potions of invisibility {unknown}
 w - a potion of heal wounds {unknown}
 D - a potion of berserk rage {unknown}
 E - 5 potions of lignification
 H - a potion of enlightenment {unknown}
 N - a potion of attraction {unknown}
 R - 2 potions of curing {unknown}


   Skills:
 * Level 13.7 Fighting
 - Level 10.1(10.2) Short Blades
 - Level 2.4(7.4) Long Blades
 * Level 7.3 Maces & Flails
 + Level 9.9 Armour
 + Level 9.9 Shields


You had 10 spell levels left.
You didn't know any spells.
Your spell library contained the following spells:

 Spells                   Type           Power      Damage    Failure   Level
 Shock                    Conj/Air       0%         1d3       100%        1
 Scorch                   Fire           0%         2d5       100%        2
 Swiftness                Air            0%         N/A       100%        3
 Airstrike                Air            0%         2d(0-16)  100%        4
 Animate Armour           Summ/Erth      0%         N/A       100%        4
 Flame Wave               Conj/Fire      0%         2d4       100%        4
 Manifold Assault         Tloc           0%         N/A       100%        4
 Summon Lightning Spire   Summ/Air       0%         N/A       100%        4
 Lee's Rapid Deconstruct  Erth           0%         3d4*      100%        5
 Summon Cactus Giant      Summ           0%         N/A       100%        6
 Discord                  Hex            0%         N/A       100%        8


Dungeon Overview and Level Annotations

Branches:
Dungeon (11/15)            Temple (1/1) D:6            Lair (0/5) D:11
    Orc (1/2) D:9

Altars:
Ashenzari
Cheibriados
Dithmenos
Elyvilon
Fedhas
Gozag
Hepliaklqana
Kikubaaqudgha
Makhleb
Nemelex Xobeh
Okawaru
Qazlal
Ru
Sif Muna
Trog
Uskayaw
Vehumet
Wu Jian
Xom
Yredelemnul
Zin
The Shining One

Annotations:
D:5 Pikel
D:8 2 transporters
D:11 Sonja
Orc:1 Gastronok


Innate Abilities, Weirdness & Mutations

You have a pair of horns on your head.
You reflexively headbutt those who attack you in melee.


Message History

Sonja plants her feet in a plie.
Sonja throws a curare-tipped dart.
The curare-tipped dart hits you. You resist.
There is a stone staircase leading up here.
Sonja gestures wildly while chanting.
Sonja blinks!
Sonja hits you but does no damage.
You blink.
There is a stone staircase leading up here.
Sonja zaps a wand.
The bolt of dispelling energy hits you!!
You hit Sonja. You headbutt Sonja!
Sonja is moderately wounded.
Sonja hits you but does no damage. Space warps around you.
You block Sonja's attack. x2
You barely miss Sonja.
Sonja is moderately wounded.
You puncture Sonja!
Sonja is heavily wounded.
Sonja zaps a wand.
The bolt of dispelling energy hits you.
You barely miss Sonja. You headbutt Sonja!
Sonja is almost dead.
You completely miss Sonja. Your headbutt misses Sonja.
Sonja is almost dead.
Sonja mumbles some strange words.
Sonja blinks!
Sonja zaps a wand.
The bolt of dispelling energy hits you!
Sonja casts a spell.
Sonja blinks!
There is a stone staircase leading up here.
You block Sonja's attack. Sonja hits you but does no damage.
Space warps around you. Sonja hits you but does no damage.
You blink.
You block Sonja's attack.
Sonja hits you with a +0 dagger of distortion.
Space warps around you. Sonja hits you but does no damage.
Space warps horribly around you!!
Sonja zaps a wand.
The bolt of dispelling energy hits you!!
* * * LOW HITPOINT WARNING * * *
You feel yourself speed up. You block Sonja's attack.
Sonja hits you but does no damage. Space warps horribly around you!!
You die...
Sonja takes a bow.

#.P.P.. ###.....
#....... ##.#.....
#........
###########........
#.......#.÷..†.....
#......##.##.......
#.@K.<....##.......
#.....######..K....
#.....# #.......
#.....# #.......
####### #.......
#....... #.......
########


You could see Sonja.

Vanquished Creatures
  A two-headed ogre (D:8)
  A sixfirhy (D:9)
  A manticore (D:10)
  2 rust devils
  Joseph (D:7)
  A smoke demon (D:9)
  An orange demon (D:9)
  An ice devil (D:9)
  A red devil (D:9)
  A hellwing (D:9)
  4 trolls
  2 hornets (D:8)
  Sigmund (D:6)
  10 yaks
  A wraith (D:11)
  A ynoxinul (D:9)
  5 wyverns
  A chaos spawn (D:8)
  5 neqoxecs (D:9)
  3 vampire mosquitoes (D:10)
  An acid dragon (D:10)
  2 water moccasins
  6 orc warriors
  3 sky beasts
  A black bear (D:5)
  4 ice beasts
  3 ogres
  2 centaurs
  2 phantoms (D:5)
  2 bullfrogs
  A kobold brigand (D:7)
  3 scorpions
  A gnoll sergeant (D:8)
  3 wights (D:7)
  10 killer bees
  2 bombardier beetles
  An electric eel (D:7)
  8 howler monkeys
  4 quasits (D:9)
  A jelly (D:4)
  8 orc priests
  7 hounds
  Crazy Yiuf (D:7)
  7 iguanas
  5 orc wizards
  10 gnolls
  8 adders
  2 shadow imps
  A white imp (D:7)
  2 ufetubi (D:5)
  A ribbon worm (D:5)
  2 dart slugs
  31 orcs
  6 endoplasms
  2 giant cockroaches
  10 goblins
  6 hobgoblins
  7 quokkas
  5 ball pythons
  4 bats
  4 frilled lizards
  12 kobolds
  5 rats
250 creatures vanquished.

Notes
Turn   | Place    | Note
-------+----------+-------------------------------------------
     0 | D:1      | RotoMola the Minotaur Fighter began the quest for the Orb.
     0 | D:1      | Reached XP level 1. HP: 19/19 MP: 0/0
   174 | D:1      | Reached skill level 1 in Short Blades
   174 | D:1      | Reached XP level 2. HP: 26/27 MP: 1/1
   339 | D:1      | Reached skill level 4 in Fighting
   364 | D:1      | Reached XP level 3. HP: 15/33 MP: 2/2
  1433 | D:2      | Found a faded altar of an unknown god.
  1628 | D:3      | Noticed an ogre
  1653 | D:3      | Found a blossoming altar of Fedhas.
  1691 | D:3      | Reached XP level 4. HP: 41/41 MP: 3/3
  2311 | D:3      | Killed an ogre
  2312 | D:3      | Reached skill level 5 in Fighting
  2312 | D:3      | Reached XP level 5. HP: 48/48 MP: 4/4
  2444 | D:3      | Found a snail-covered altar of Cheibriados.
  2449 | D:3      | Found a glowing golden altar of the Shining One.
  2453 | D:3      | Became a worshipper of the Shining One
  2457 | D:3      | Found a glowing silver altar of Zin.
  2782 | D:4      | Reached XP level 6. HP: 48/57 MP: 5/5
  3030 | D:4      | You fall into a shaft and drop 1 floor!
  3030 | D:5      | Entered Level 5 of the Dungeon
  3047 | D:5      | Noticed an ice beast
  3076 | D:5      | Reached skill level 6 in Fighting
  3140 | D:5      | Reached skill level 5 in Armour
  3140 | D:5      | Reached skill level 5 in Shields
  3432 | D:4      | Reached XP level 7. HP: 64/64 MP: 6/6
  3864 | D:5      | Reached skill level 5 in Short Blades
  3942 | D:5      | Noticed a troll
  4043 | D:5      | Reached skill level 7 in Fighting
  4252 | D:5      | Noticed Pikel
  4424 | D:5      | Reached * piety under the Shining One
  4547 | D:5      | Reached XP level 8. HP: 73/73 MP: 7/7
  4573 | D:5      | Killed a troll
  4574 | D:5      | Reached skill level 8 in Fighting
  4905 | D:6      | Noticed Sigmund
  4911 | D:6      | Killed Sigmund
  4912 | D:6      | Reached skill level 9 in Fighting
  4919 | D:6      | Found a burning altar of Makhleb.
  5037 | D:6      | Reached XP level 9. HP: 79/83 MP: 8/8
  5119 | D:6      | Found a staircase to the Ecumenical Temple.
  5144 | Temple   | Entered the Ecumenical Temple
  5608 | D:7      | Noticed a troll
  5620 | D:7      | Killed a troll
  5656 | D:7      | Got Sif Muna's Codex of Unstable Ensorcelling
  5737 | D:7      | Noticed Joseph
  5762 | D:7      | Killed Joseph
  5763 | D:7      | Reached skill level 10 in Fighting
  6444 | D:7      | Found a runed translucent door.
  6445 | D:7      | Noticed Crazy Yiuf
  6456 | D:7      | Killed Crazy Yiuf
  6650 | D:8      | Noticed a two-headed ogre
  6987 | D:8      | Found a transporter.
  6988 | D:8      | Noticed a cyclops
  7002 | D:8      | Noticed an orc knight
  7046 | D:8      | Identified the +8 mace "Uweunat" {protect, +Blink rF-
                  | Will+}
  7046 | D:8      | Noticed a deep elf pyromancer
  7046 | D:8      | Noticed a centaur warrior
  7047 | D:8      | Noticed a harpy
  7082 | D:8      | Reached XP level 10. HP: 89/94 MP: 9/9
  7205 | D:8      | Found a bloodstained altar of Trog.
  7292 | D:8      | Found a transporter.
  7438 | D:8      | Reached skill level 11 in Fighting
  7895 | D:8      | Noticed an entropy weaver
  7900 | D:9      | Reached ** piety under the Shining One
  7915 | D:8      | an entropy weaver changed into a cane toad
  7915 | D:8      | Noticed a cane toad (shapeshifter)
  7973 | D:9      | Found a staircase to the Orcish Mines.
  7985 | D:9      | Found a shimmering blue altar of Sif Muna.
  8275 | D:9      | Noticed a sixfirhy
  8280 | D:9      | Noticed a rust devil
  8303 | D:9      | Killed a sixfirhy
  8453 | D:9      | Reached skill level 10 in Short Blades
  8544 | D:9      | Noticed an orange demon
  8544 | D:9      | Noticed a smoke demon
  8556 | D:9      | Noticed a rust devil
  8568 | D:9      | Killed an orange demon
  8689 | D:8      | a wind drake changed into a manticore
  8689 | D:8      | Noticed a manticore (shapeshifter)
  8698 | D:8      | Killed a two-headed ogre
  8699 | D:8      | Reached skill level 12 in Fighting
  9049 | D:9      | Reached *** piety under the Shining One
  9315 | D:9      | Killed a rust devil
  9413 | D:9      | Reached XP level 11. HP: 71/105 MP: 10/10
  9598 | Orc:1    | Entered Level 1 of the Orcish Mines
  9705 | Orc:1    | Noticed Gastronok
 10208 | D:8      | Reached **** piety under the Shining One
 10425 | D:9      | Reached skill level 5 in Maces & Flails
 10573 | D:10     | Entered Level 10 of the Dungeon
 10895 | D:10     | Reached skill level 13 in Fighting
 11098 | D:10     | Found a broken altar of Ashenzari.
 11129 | D:10     | Found a hazy altar of Hepliaklqana.
 11139 | D:10     | Found a hide-covered altar of Uskayaw.
 11152 | D:10     | Found a stormy altar of Qazlal.
 11173 | D:10     | Identified the +4 ring mail of Honour {Harm Rampage rPois
                  | rC-}
 11462 | D:11     | Found a staircase to the Lair.
 11632 | D:11     | Noticed Sonja
 11852 | D:11     | Slain by Sonja

Illustrated notes

Levels and vault maps discovered:
D:1:      saegor_arrival_under_anarchy, layout_basic,
          dreamdust_princess_corridor
D:2:      layout_basic, hellmonk_ecumenical_altar_zigzags
D:3:      layout_basic, grunt_temple_overflow_diamond, fedhas_altar_3,
          serial_rivers, chequers_serial_rivers_micro_a,
          chequers_serial_rivers_room_b, chequers_serial_rivers_large_b,
          chequers_serial_rivers_small_3
D:4:      layout_basic
D:5:      minmay_clustersquares, layout_loops_cross, uniq_pikel
D:6:      layout_basic, makhleb_blood_cavern_becter, temple_fountains,
          uniq_sigmund
D:7:      layout_loops_cross, hangedman_decor_riveting,
          minmay_stone_trees_medium, minivault_14, uniq_crazy_yiuf_cottage,
          uniq_joseph
D:8:      gammafunk_sealed_arena, layout_gridville, trog_hazing_becter,
          minivault_5, chequers_serial_rivers_micro_a, kennysheep_generic_room_5
D:9:      layout_stronghold, led_sif_book, serial_demonic, serial_demonic_a,
          serial_demonic_c, serial_demonic_e, serial_demonic_c,
          serial_demonic_d, serial_demonic_b, serial_demonic_e,
          serial_demonic_c, serial_demonic_a, serial_demonic_c
D:10:     layout_roguey, grunt_temple_overflow_cloverleaf
D:11:     layout_basic, minmay_lair_entry_grove, uniq_sonja
Temple:   nicolae_temple_ecumenical_triangle
Orc:1:    layout_caves, serial_shops, nicolae_shop_bloodbath_and_beyond,
          uniq_gastronok

Skill      XL: |  1  2  3  4  5  6  7  8  9 10 11 |
---------------+----------------------------------+-----
Short Blades   | 1 2 3 4 5 7 9 10 | 10.1
Fighting       | 4 5 6 7 9 10 12 13 | 13.7
Armour         | 4 5 6 7 8 9 |  9.9
Shields        | 4 5 6 7 8 9 |  9.9
Maces & Flails | 3 7 |  7.3
Long Blades    | |  2.4

Action                     |  1- 3 |  4- 6 |  7- 9 | 10-12 || total
---------------------------+-------+-------+-------+-------++-------
  Melee: Long sword        |    53 |       |       |       ||    53
         Headbutt          |    10 |    25 |   104 |   214 ||   353
         Short sword       |    30 |   105 |   314 |   654 ||  1103
         Flail             |       |       |       |    20 ||    20
    Use: Scroll            |       |       |     3 |     6 ||     9
         Potion            |       |       |     1 |     1 ||     2
 Armour: Scale mail        |    47 |    17 |    79 |   120 ||   263
         Chain mail        |       |    28 |       |       ||    28
         Plate armour      |       |       |       |   130 ||   130
  Dodge: Dodged            |    30 |    25 |    54 |    93 ||   202
  Block: Buckler           |    14 |    26 |    40 |   101 ||   181
         Kite shield       |       |       |       |    36 ||    36
